AoeStats
← christar123 ten

Lombardia

508887122Analyzed
4v4 RM · 8d ago on Sep 24, 2026· 22m 44s· 8 players
Game mode
Random Map
Map size
Large (8 player)
Population
200
Speed
Normal
Resources
Standard
Victory
Conquest
Starting age
Dark Age
Ending age
Imperial Age
RankedLock teamsTeams togetherTeam positionsShared explorationLock speedFull tech treeHidden civsTurbo modeCheats
Victory
Defeat
🇦🇺 Huns · Australia
1515
+13
🇨🇭 Britons · Switzerland
1473
+15
🇦🇷 Mongols · Argentina
1444
+16
🇬🇧 Danes · United Kingdom
1439
+17
🇭🇰 Varangians · Hong Kong SAR China
1532
-18
🇭🇰 Khmer · Hong Kong SAR China
1461
-16
🇭🇰 Danes · Hong Kong SAR China
1450
-15
🇭🇰 Saracens · Hong Kong SAR China
1379
-12
argum
5:07 Loom
12:03 Feudal Age
13:09 Double-Bit Axe
13:32 Gold Mining
17:07 Castle Age
14:50 Horse Collar
15:30 Stone Mining
18:32 Bow Saw
Steven S Lee
4:43 Loom
10:27 Feudal Age
14:25 Castle Age
13:48 Double-Bit Axe
14:06 Horse Collar
21:35 Town Watch
22:28 Scale Barding Armor
tomcw
6:36 Loom
9:50 Feudal Age
19:41 Castle Age
17:56 Double-Bit Axe
20:15 Bloodlines
20:51 Thumb Ring
20:09 Elite Skirmisher
Fred's real son
10:22 Feudal Age
14:18 Castle Age
12:21 Double-Bit Axe
15:09 Bow Saw
14:54 Loom
15:48 Horse Collar
22:40 Wheelbarrow
christar123 ten
10:24 Feudal Age
14:15 Castle Age
12:25 Double-Bit Axe
12:21 Horse Collar
13:40 Loom
15:45 Bow Saw
17:01 Heavy Plow
21:22 Wheelbarrow
23:09 Hand Cart
[BadStart] The Shadow
5:43 Loom
7:56 Feudal Age
8:30 Double-Bit Axe
8:49 Horse Collar
19:38 Castle Age
20:35 Bow Saw
20:26 Heavy Plow
21:33 Husbandry
22:41 Fervor
ResonanceFreq
10:47 Feudal Age
14:25 Castle Age
12:42 Double-Bit Axe
13:28 Horse Collar
15:30 Bow Saw
20:22 Fletching
21:35 Bodkin Arrow
23:14 Gold Mining
koebi
8:10 Loom
10:18 Feudal Age
11:03 Double-Bit Axe
16:32 Castle Age
14:47 Horse Collar
16:02 Fletching
16:57 Crossbowman
18:44 Bodkin Arrow
21:21 Bow Saw
22:58 Wheelbarrow
Connection lost

Rejoining the realm…

Still unreachable

The connection could not be restored.

Session expired

The server has moved on; the page needs a fresh start.